 Dungeon Crawl Stone Soup version 0.31-a0-846-gb3bcc0d938 (webtiles) character file.

Game seed: 5747009968642129657

268007 jasper the Stormcaller (level 20, -3/211 HPs)
             Began as an Ogre Air Elementalist on Sept 20, 2023.
             Was the Champion of Cheibriados.
             Slain by a +3 halberd of protection (6 damage)
             ... animated by Zenata
             ... on level 3 of the Vaults on Oct 4, 2023.
             The game lasted 01:43:15 (62275 turns).

jasper the Stormcaller (Ogre Air Elementalist)     Turns: 62275, Time: 01:43:16

Health: -3/211     AC: 21    Str: 32    XL:     20   Next: 14%
Magic:  11/34      EV: 24    Int: 46    God:    Cheibriados [******]
Gold:   1498       SH: 22    Dex: 24    Spells: 5/39 levels left

rFire   . . .        w - staff of air
rCold   . . .        e - +2 tower shield
rNeg    + . .        I - +6 acid dragon scales
rPois   .            G - +2 hat {Stlth+}
rElec   +            E - +0 cloak
rCorr   +            (gloves unavailable)
SInv    .            (boots unavailable)
Will    ++...        a - amulet "Fuilajic" {Acrobat rN+ Int+3}
Stlth   +++          p - +4 ring of protection
HPRegen 0.55/turn    q - +6 ring of intelligence
MPRegen 0.24/turn

%: acrobat
@: about to teleport, acrobatic, very slow
A: large, unfitting armour, tough skin 1
}: 2/15 runes: barnacled, gossamer
a: Renounce Religion, Bend Time, Temporal Distortion, Slouch, Step From Time


You were on level 3 of the Vaults.
You worshipped Cheibriados.
Cheibriados was exalted by your worship.
You visited 7 branches of the dungeon, and saw 35 of its levels.

You collected 3172 gold pieces.
You spent 1674 gold pieces at shops.

Inventory:

Missiles
 k - 16 curare-tipped darts
 m - 93 poisoned darts
 K - 9 throwing nets
Armour
 e - a +2 tower shield (worn)
 E - a +0 cloak (worn)
 G - a +2 hat of stealth (worn)
 I - +6 acid dragon scales (worn)
Magical Staves
 w - a staff of air (weapon)
Jewellery
 a - the amulet "Fuilajic" (around neck) {Acrobat rN+ Int+3}
   (You found it on level 13 of the Dungeon)

   [amulet of the acrobat]

   Acrobat:   It increases your evasion while moving and waiting.
   Int+3:     It affects your intelligence (+3).
   rN+:       It protects you from negative energy.
 p - a +4 ring of protection (left hand)
 q - a +6 ring of intelligence (right hand)
 u - a ring of positive energy
 A - a ring of fire
 B - an amulet of reflection
 C - a ring of wizardry
 L - a ring of flight
Wands
 H - a wand of mindburst (32)
 N - a wand of paralysis (11)
 S - a wand of digging (11)
 V - a wand of flame (27)
 X - a wand of polymorph (7)
Scrolls
 d - a scroll of fear
 g - a scroll of torment
 h - 5 scrolls of fog
 j - 3 scrolls of blinking
 r - 14 scrolls of teleportation
 v - 13 scrolls of identify
 y - 5 scrolls of noise
 D - 4 scrolls of vulnerability
 J - 3 scrolls of revelation
 O - 2 scrolls of silence
 Q - 2 scrolls of poison
 U - 2 scrolls of amnesia
 W - 2 scrolls of enchant armour
 Y - a scroll of enchant weapon
 Z - 3 scrolls of immolation
Potions
 c - 3 potions of lignification
 i - 4 potions of curing
 l - 7 potions of haste
 n - 3 potions of brilliance
 o - 10 potions of mutation
 s - a potion of resistance {unknown}
 t - 3 potions of heal wounds
 x - a potion of attraction
 z - 5 potions of enlightenment
 M - 2 potions of might
 P - 2 potions of invisibility
 R - 9 potions of ambrosia
 T - 2 potions of cancellation
Miscellaneous
 b - a sack of spiders
 f - a phantom mirror


   Skills:
 + Level 15.4 Fighting
 - Level 12.0 Staves
 - Level 5.0 Armour
 - Level 1.7 Dodging
 - Level 1.4 Stealth
 - Level 12.0 Shields
 + Level 10.4 Spellcasting
 + Level 10.9 Conjurations
 - Level 3.0 Ice Magic
 - Level 20.0 Air Magic
 - Level 5.2 Poison Magic
 - Level 12.0 Invocations
 - Level 5.0 Evocations


You had 5 spell levels left.
You knew the following spells:

 Your Spells              Type           Power      Damage    Failure   Level
a - Shock                 Conj/Air       100%       1d9       0%          1
b - Conjure Ball Lightni  Conj/Air       64%        3x3d23    1%          6
c - Olgreb's Toxic Radia  Pois           64%        N/A       3%          4
d - Maxwell's Capacitive  Air            71%        ∞         5%          8
e - Mephitic Cloud        Conj/Pois/Air  100%       N/A       1%          3
f - Ignite Poison         Fire/Tmut/Pois 40%        N/A       4%          3
g - Freezing Cloud        Conj/Ice/Air   56%        6-21      1%          5
h - Vhi's Electric Charg  Tloc/Air       100%       N/A       1%          4

Your spell library contained the following spells:

 Spells                   Type           Power      Damage    Failure   Level
 Static Discharge         Conj/Air       100%       2-7/arc   0%          2
 Swiftness                Air            100%       N/A       0%          3
 Airstrike                Air            71%        2d(11-27) 0%          4
 Sting                    Tmut/Pois      100%       1d8       1%          1
 Cigotuvi's Dreadful Rot  Necr/Pois/Air  100%       N/A       1%          2
 Poisonous Vapours        Pois/Air       100%       N/A       1%          2
 Hailstorm                Conj/Ice       73%        3d15      1%          3
 Stone Arrow              Conj/Erth      100%       3d13      1%          3
 Arcjolt                  Conj/Air       64%        1d74      1%          5
 Iskenderun's Battlesphe  Conj           90%        2d14      1%          5
 Silence                  Hex/Air        54%        N/A       1%          5
 Frozen Ramparts          Ice            100%       1d16      2%          3
 Ozocubu's Armour         Ice            51%        N/A       2%          3
 Apportation              Tloc           46%        N/A       3%          1
 Necrotise                Necr           92%        1d8       3%          1
 Slow                     Hex            92%        N/A       3%          1
 Summon Small Mammal      Summ           92%        N/A       3%          1
 Brom's Barrelling Bould  Conj/Erth      65%        2d8       3%          4
 Fulminant Prism          Conj/Hex       32%        3d15      3%          4
 Iskenderun's Mystic Bla  Conj/Tloc      65%        2d13      3%          4
 Sticky Flame             Conj/Fire      65%        2d8       3%          4
 Jinxbite                 Hex            46%        N/A       4%          2
 Lesser Beckoning         Tloc           46%        N/A       4%          2
 Call Canine Familiar     Summ           23%        N/A       10%         3
 Confusing Touch          Hex            23%        N/A       10%         3
 Gell's Gravitas          Tloc           23%        N/A       10%         3
 Sigil of Binding         Hex            23%        N/A       10%         3
 Summon Guardian Golem    Hex/Summ       23%        N/A       10%         3
 Teleport Other           Tloc           23%        N/A       10%         3
 Vampiric Draining        Necr           23%        2d7       10%         3
 Volatile Blastmotes      Fire/Tloc      46%        2d13      10%         3
 Fireball                 Conj/Fire      32%        3d14      10%         5
 Summon Ice Beast         Ice/Summ       37%        N/A       17%         4
 Animate Armour           Summ/Erth      46%        N/A       30%         4
 Animate Dead             Necr           23%        N/A       30%         4
 Dimensional Bullseye     Hex/Tloc       11%        N/A       30%         4
 Leda's Liquefaction      Hex/Erth       11%        N/A       30%         4
 Passage of Golubria      Tloc           23%        N/A       30%         4
 Petrify                  Tmut/Erth      23%        N/A       30%         4
 Alistair's Intoxication  Tmut/Pois      32%        N/A       30%         5
 Metabolic Englaciation   Hex/Ice        18%        N/A       43%         5
 Borgnjor's Vile Clutch   Necr/Erth      11%        N/A       65%         5
 Orb of Destruction       Conj           45%        9d12      30%         7
 Bombard                  Conj/Erth      32%        9d6       45%         6
 Simulacrum               Ice/Necr       18%        N/A       95%         6
 Spellforged Servitor     Conj/Summ      32%        N/A       96%         7
 Death Channel            Necr           11%        N/A       99%         6
 Chain Lightning          Conj/Air       64%        3d86      99%         9
 Haunt                    Necr/Summ      11%        N/A       100%        7
 Ozocubu's Refrigeration  Ice            25%        4d13      100%        7
 Borgnjor's Revivificati  Necr           11%        N/A       100%        8
 Disjunction              Tloc           11%        N/A       100%        8
 Ignition                 Fire           11%        3d5       100%        8
 Lehudib's Crystal Spear  Conj/Erth      32%        10d8      100%        8
 Death's Door             Necr           11%        N/A       100%        9
 Fire Storm               Conj/Fire      32%        8d8       100%        9
 Shatter                  Erth           11%        3d12*     100%        9


Dungeon Overview and Level Annotations

Branches:
Dungeon (15/15)            Temple (1/1) D:6            Lair (5/5) D:10
 Shoals (4/4) Lair:2       Spider (4/4) Lair:3        Slime (0/5) Lair:4
    Orc (2/2) D:11            Elf (0/3) Orc:2        Vaults (4/5) D:14
 Depths (0/4) D:15
  Crypt: Vaults:2-3

Altars:
Ashenzari
Cheibriados
Dithmenos
Elyvilon
Fedhas
Gozag
Hepliaklqana
Kikubaaqudgha
Makhleb
Nemelex Xobeh
Okawaru
Qazlal
Ru
Sif Muna
Trog
Uskayaw
Vehumet
Wu Jian
Xom
Yredelemnul
Zin
The Shining One
Jiyva

Shops:
D:7 [   D:8 *   D:12 [   D:14 *   D:15 *   Orc:2 [(:[

Portals:
Trove: D:15 (give 3 potions of resistance)

Annotations:
D:10 2 transporters, Joey1's ghost, novice MiFi
D:15 2 runed translucent doors, Veikh's ghost, journeyman SpDe
Shoals:2 Roxanne
Spider:4 exclusion: door
Vaults:3 Zenata


Innate Abilities, Weirdness & Mutations

You are too large for most types of armour.
You have tough skin. (AC +1)


Message History

As you read the scroll of blinking, it crumbles to dust.
You feel sick.
Your ball lightning explodes!
The blast of lightning engulfs your ball lightning.
Your ball lightning completely resists.
The blast of lightning engulfs the +4 heavy hand axe.
The +4 heavy hand axe completely resists.
The blast of lightning engulfs the +2 short sword of electrocution.
The +2 short sword of electrocution completely resists.
The blast of lightning engulfs the +2 war axe of electrocution.
The +2 war axe of electrocution completely resists.
Cheibriados appreciates the change of pace.
You feel a bit more experienced.
Your ball lightning explodes!
The blast of lightning engulfs the +2 short sword of electrocution.
The +2 short sword of electrocution completely resists.
The blast of lightning engulfs the +4 heavy hand axe.
The +4 heavy hand axe completely resists.
The blast of lightning engulfs the +2 war axe of electrocution.
The +2 war axe of electrocution completely resists.
You hear a horrible gurgling sound!
You take 2 damage, and have 30/211 hp.
You feel better.
You regained 8 hp, and now have 38/211 hp.
As you read the scroll of teleportation, it crumbles to dust.
You feel strangely unstable.
You block the +2 short sword of electrocution's attack. x2
You block the +2 short sword of electrocution's attack.
The +4 heavy hand axe hits you.
* * * LOW HITPOINT WARNING * * *
The +2 short sword of electrocution barely misses you.
The +2 dire flail of protection hits you!!
* * * LOW HITPOINT WARNING * * *
You block the +2 short sword of electrocution's attack.
The +4 heavy hand axe closely misses you.
You block the +2 dire flail of protection's attack.
The +2 short sword of electrocution hits you.
* * * LOW HITPOINT WARNING * * *
The +3 halberd of protection hits you from afar.
You die...

#.........########## #....[....#
#.........# #.........#
#.........#
###########'#####################
'........................*.......
#................(.......(.......
#...............@((...(...p..p...
#................((..............
#.........................(.a....
#.....#######################'###
#.....# ... #.....# ....
#.....########### ...
#.....#.........# ...
#.....'.........#


You could see 6 dancing weapons.

Vanquished Creatures
  Saint Roka (Vaults:1)
  Rupert (Lair:5)
  Jorgrun (Spider:1)
  Gastronok (D:8)
  A sphinx (Vaults:3)
  4 emperor scorpions
  5 vault wardens
  5 ghost moths
  An orc warlord (Orc:2)
  8 ironbound preservers
  2 broodmothers
  2 formless jellyfish
  3 war gargoyles
  4 ironbound thunderhulks
  A dire elephant (D:15)
  2 spark wasps
  A crystal guardian (Vaults:2)
  3 merfolk javelineers
  5 entropy weavers
  9 merfolk impalers
  4 yaktaur captains
  4 great orbs of eyes
  A fire dragon (Lair:5)
  7 vault guards
  4 peacekeepers
  4 centaur warriors
  5 hydras
  12 boulder beetles
  4 merfolk avatars
  4 two-headed ogres
  3 radroaches
  10 ironbound frosthearts
  A death knight (D:15)
  5 merfolk aquamancers
  An alligator snapping turtle (Shoals:1)
  5 satyrs
  12 demonic crawlers
  Urug (Lair:4)
  3 orc high priests
  5 death yaks (Lair:4)
  Amaemon (D:8)
  5 skysharks
  7 pharaoh ants
  2 sun moths (Spider:3)
  16 deep trolls
  4 steelbarb worms
  3 wizards
  A lindwurm (shapeshifter) (D:14)
  15 sea snakes
  12 ironbound convokers
  2 orc knights
  6 orb spiders
  14 lindwurms
  A wolf spider (shapeshifter) (D:13)
  9 ugly things
  9 harpies
  2 deep elf pyromancers
  A necromancer (Vaults:3)
  2 orc sorcerers
  17 wolf spiders
  10 cyclopes
  A salamander (D:15)
  12 manticores
  28 fauns
  10 elephants
  9 merfolk sirens
  6 moths of wrath
  2 molten gargoyles (Lair:5)
  7 black mambas
  7 water nymphs
  5 torpor snails
  8 vault sentinels
  6 cane toads
  Maggie (D:8)
  4 gargoyles
  2 unseen horrors
  An orange demon (D:8)
  9 rime drakes
  15 komodo dragons
  8 yaktaurs
  A tengu conjurer (D:15)
  9 trolls
  A polar bear (Lair:5)
  37 merfolk
  6 meliai
  8 hornets
  5 wind drakes
  19 tarantellas
  6 blink frogs (Lair:3)
  2 dream sheep (Shoals:2)
  7 snapping turtles
  2 shadows
  22 slime creatures
  2 vampires
  45 jumping spiders
  3 wraiths
  13 water elementals
  74 yaks
  29 culicivoras
  6 wyverns
  7 basilisks
  5 vampire mosquitoes (D:11)
  Menkaure (D:7)
  16 steam dragons
  58 redbacks
  A harpy simulacrum (D:12)
  4 wargs
  3 acid dragons
  5 hell hounds (Lair:5)
  14 water moccasins
  48 orc warriors
  2 ice beasts (D:6)
  A black bear (Lair:2)
  4 boggarts
  6 ogres
  11 centaurs
  10 wolves
  5 kobold brigands
  3 gnoll sergeants
  12 bullfrogs
  A scorpion (D:5)
  40 killer bees
  4 howler monkeys
  7 electric eels
  5 lava snakes (Lair:5)
  11 hounds
  A jelly (D:7)
  15 orc priests
  2 sleepcaps (D:4)
  24 orc wizards
  3 iguanas
  8 hell rats
  21 gnolls
  10 adders
  2 shadow imps (D:5)
  2 white imps (D:6)
  3 ufetubi
  2 worms
  A dart slug (D:2)
  99 orcs
  7 bats
  17 endoplasms
  2 giant cockroaches
  7 hobgoblins
  2 jackals (D:1)
  26 kobolds
  4 quokkas
  10 ball pythons
  4 frilled lizards
  10 goblins
  6 rats
1304 creatures vanquished.

Vanquished Creatures (collateral kills)
  27 ball lightnings
27 creatures vanquished.

Vanquished Creatures (others)
  A rime drake (Lair:3)
  A yak (D:9)
  An orc wizard (D:6)
  665 ball lightnings
668 creatures vanquished.

Grand Total: 1999 creatures vanquished

Notes
Turn   | Place    | Note
-------+----------+-------------------------------------------
     0 | D:1      | jasper the Ogre Air Elementalist began the quest for the
                  | Orb.
     0 | D:1      | Reached XP level 1. HP: 16/16 MP: 3/3
    58 | D:1      | Reached skill level 1 in Conjurations
   185 | D:1      | Reached XP level 2. HP: 24/24 MP: 2/5
   408 | D:1      | Reached skill level 3 in Air Magic
   478 | D:1      | Upgraded the game from 0.31-a0-803-g95b03c3367 to
                  | 0.31-a0-818-ge7c7cf74f0
   576 | D:1      | Reached XP level 3. HP: 31/31 MP: 3/7
   579 | D:1      | Learned a level 2 spell: Static Discharge
   583 | D:1      | Learned a level 3 spell: Swiftness
  1500 | D:2      | Reached XP level 4. HP: 26/39 MP: 7/9
  1910 | D:2      | Found a faded altar of an unknown god.
  2712 | D:2      | Learned a level 4 spell: Airstrike
  2976 | D:3      | Identified the +1 robe of Pathos {rC+ Str-3 Dex+5}
  3032 | D:3      | Reached XP level 5. HP: 45/45 MP: 7/10
  3741 | D:4      | Reached skill level 4 in Air Magic
  3857 | D:4      | Reached XP level 6. HP: 53/53 MP: 10/12
  4442 | D:5      | Entered Level 5 of the Dungeon
  4514 | D:4      | Reached XP level 7. HP: 48/59 MP: 8/13
  4688 | D:5      | Reached skill level 5 in Air Magic
  4792 | D:5      | Found an ancient bone altar of Kikubaaqudgha.
  5409 | D:6      | Reached skill level 5 in Conjurations
  5450 | D:6      | Reached skill level 1 in Fighting
  5450 | D:6      | Reached skill level 6 in Air Magic
  5450 | D:6      | Reached XP level 8. HP: 72/72 MP: 6/14
  5651 | D:6      | Found a staircase to the Ecumenical Temple.
  5939 | Temple   | Entered the Ecumenical Temple
  6042 | Temple   | Became a worshipper of Cheibriados the Contemplative
  6172 | D:6      | Reached skill level 5 in Fighting
  6172 | D:6      | Reached skill level 7 in Air Magic
  6506 | D:6      | Reached * piety under Cheibriados
  6629 | D:6      | Upgraded the game from 0.31-a0-818-ge7c7cf74f0 to
                  | 0.31-a0-833-gc15d34cb79
  6633 | D:6      | Reached XP level 9. HP: 87/92 MP: 2/15
  6720 | D:6      | Found a radiant altar of Vehumet.
  7041 | D:7      | Found Ahot's Armour Shoppe.
  7050 | D:7      | Noticed Menkaure
  7052 | D:7      | Killed Menkaure
  7131 | D:7      | Bought a +0 kite shield for 63 gold pieces
  7150 | D:7      | Reached skill level 8 in Air Magic
  7285 | D:7      | Reached skill level 1 in Shields
  7367 | D:7      | Found a bloodstained altar of Trog.
  8066 | D:8      | Found Yzxeryam's Overcharged Wands.
  8067 | D:8      | Noticed Gastronok
  8081 | D:8      | Killed Gastronok
  8082 | D:8      | Reached XP level 10. HP: 45/102 MP: 5/16
  8084 | D:8      | Reached ** piety under Cheibriados
  8259 | D:8      | Noticed a two-headed ogre
  8271 | D:8      | Killed a two-headed ogre
  8405 | D:8      | Found a burning altar of Makhleb.
  8429 | D:8      | Learned a level 4 spell: Olgreb's Toxic Radiance
  8539 | D:8      | Noticed a two-headed ogre
  8545 | D:8      | Killed a two-headed ogre
  8636 | D:8      | Noticed Amaemon
  8639 | D:8      | Noticed an orange demon
  8652 | D:8      | Killed Amaemon
  8658 | D:8      | Killed an orange demon
  8695 | D:8      | Reached skill level 5 in Poison Magic
  9016 | D:8      | Noticed Maggie
  9023 | D:8      | Killed Maggie
  9024 | D:8      | Reached XP level 11. HP: 115/115 MP: 4/17
  9279 | D:8      | Found a shimmering altar of Xom.
  9279 | D:8      | Found an iron altar of Okawaru.
  9535 | D:9      | Reached skill level 9 in Air Magic
  9661 | D:9      | Reached skill level 1 in Armour
 10047 | D:9      | Reached *** piety under Cheibriados
 10200 | D:9      | Reached skill level 10 in Fighting
 10451 | D:9      | Found a glowing silver altar of Zin.
 10936 | D:10     | Entered Level 10 of the Dungeon
 11264 | D:10     | Reached **** piety under Cheibriados
 11790 | D:10     | Found a transporter.
 11791 | D:10     | Found a transporter.
 11890 | D:10     | Noticed a two-headed ogre
 11891 | D:10     | Noticed a deep troll
 11893 | D:10     | Noticed a moth of wrath
 11927 | D:10     | Found a bloodstained altar of Trog.
 11938 | D:10     | Noticed a two-headed ogre
 12174 | D:10     | Found a staircase to the Lair.
 12188 | D:10     | Noticed a two-headed ogre
 12191 | D:10     | Killed a two-headed ogre
 12462 | D:10     | Noticed Joey1's ghost (novice MiFi)
 12750 | D:11     | Found a staircase to the Orcish Mines.
 12837 | D:11     | Reached skill level 10 in Air Magic
 12959 | D:11     | Reached ***** piety under Cheibriados
 13147 | D:11     | Noticed a boulder beetle
 13156 | D:11     | Killed a boulder beetle
 13157 | D:11     | Reached XP level 12. HP: 105/131 MP: 1/18
 13550 | D:11     | Got a curling book
 13715 | D:11     | Reached skill level 5 in Armour
 13715 | D:11     | Reached skill level 1 in Invocations
 14138 | Orc:1    | Entered Level 1 of the Orcish Mines
 14138 | Orc:1    | Noticed a two-headed ogre
 14138 | Orc:1    | Found an iron altar of Okawaru.
 14153 | Orc:1    | Killed a two-headed ogre
 14338 | Orc:1    | Reached skill level 5 in Invocations
 14836 | Orc:2    | Entered Level 2 of the Orcish Mines
 15342 | Orc:2    | Reached ****** piety under Cheibriados
 15385 | Orc:2    | Found a staircase to the Elven Halls.
 16183 | Orc:2    | Found Byhuengo's Antique Armour Boutique.
 16775 | Orc:2    | Noticed an orc warlord
 16787 | Orc:2    | Killed an orc warlord
 16787 | Orc:2    | Noticed an orc high priest
 16788 | Orc:2    | Reached skill level 10 in Invocations
 16788 | Orc:2    | Reached XP level 13. HP: 128/140 MP: 0/20
 17116 | Orc:2    | Found Dunyg's Antique Weapon Shoppe.
 17118 | Orc:2    | Found Upnalir's Antique Armour Emporium.
 17187 | Orc:2    | Found Josoyd's Book Shop.
 17208 | Orc:2    | Bought a book of Vapours for 338 gold pieces
 17208 | Orc:2    | Bought an Everburning Encyclopedia for 468 gold pieces
 17212 | Orc:2    | Learned a level 3 spell: Mephitic Cloud
 17216 | Orc:2    | Learned a level 3 spell: Ignite Poison
 17724 | Lair:1   | Entered Level 1 of the Lair of Beasts
 18114 | Lair:1   | Reached skill level 5 in Spellcasting
 18181 | Lair:1   | Learned a level 5 spell: Freezing Cloud
 18358 | Lair:1   | Reached skill level 1 in Ice Magic
 20079 | Lair:2   | Reached skill level 1 in Staves
 20152 | Lair:2   | Reached skill level 1 in Evocations
 20980 | Lair:3   | Reached XP level 14. HP: 129/149 MP: 15/23
 21117 | Lair:3   | Identified the +0 trident of Impeachment {spect, Fly rC+
                  | Str+2 Int-5}
 21459 | Lair:3   | Reached skill level 5 in Staves
 22393 | Lair:3   | Found a hole to the Spider Nest.
 22430 | Lair:3   | Reached skill level 5 in Evocations
 22916 | Lair:4   | Noticed Urug
 22927 | Lair:4   | Killed Urug
 24091 | Lair:4   | You fall into a shaft and drop 1 floor!
 24091 | Lair:5   | Entered Level 5 of the Lair of Beasts
 24413 | Lair:5   | Noticed Rupert
 24423 | Lair:5   | Killed Rupert
 24798 | Lair:5   | Reached skill level 10 in Staves
 25310 | Lair:5   | Reached XP level 15. HP: 139/156 MP: 15/24
 25489 | Lair:4   | Found a staircase to the Slime Pits.
 25489 | Lair:4   | Found a viscous altar of Jiyva.
 25920 | Lair:5   | Found a large runed translucent door.
 26406 | Lair:5   | Found a large runed translucent door.
 26934 | Lair:5   | Learned a level 6 spell: Conjure Ball Lightning
 27848 | D:12     | Found Xuliqaor's Antique Armour Shop.
 28936 | D:13     | Reached skill level 11 in Air Magic
 29345 | D:13     | Identified the amulet "Fuilajic" {Acrobat rN+ Int+3}
 30441 | D:14     | Found Vykuzoo's General Store.
 30449 | D:14     | Bought a potion of heal wounds for 70 gold pieces
 30449 | D:14     | Bought a potion of heal wounds for 70 gold pieces
 30449 | D:14     | Bought a phantom mirror for 560 gold pieces
 30449 | D:14     | Bought a scroll of enchant armour for 105 gold pieces
 30618 | D:14     | Found a gate to the Vaults.
 30674 | D:15     | Entered Level 15 of the Dungeon
 31164 | D:15     | Found Gozag's Platinum Reserve.
 31168 | D:15     | Found an opulent altar of Gozag.
 32201 | D:15     | Reached skill level 12 in Air Magic
 32512 | D:15     | Found a staircase to the Depths.
 32552 | D:15     | Found a runed translucent door.
 32562 | D:15     | Found a runed translucent door.
 32645 | D:15     | Noticed a lich
 32648 | D:15     | Noticed Veikh's ghost (journeyman SpDe)
 32733 | D:15     | Found a portal to a secret trove of treasure.
 33234 | Spider:1 | Entered Level 1 of the Spider Nest
 33240 | Spider:1 | Reached XP level 16. HP: 154/165 MP: 11/25
 33292 | Lair:3   | HP: 2/247 [demonic crawler (11)]
 33641 | Shoals:1 | Entered Level 1 of the Shoals
 33673 | Shoals:1 | Upgraded the game from 0.31-a0-833-gc15d34cb79 to
                  | 0.31-a0-841-g038b102fc3
 34877 | Shoals:1 | Got a loosely-bound book
 36568 | Shoals:2 | Noticed Roxanne
 36831 | Shoals:2 | You are sucked into a shaft and drop 1 floor!
 37669 | Shoals:2 | Reached skill level 10 in Shields
 40410 | Shoals:3 | Reached skill level 13 in Air Magic
 40410 | Shoals:3 | Reached XP level 17. HP: 67/175 MP: 9/26
 40669 | Shoals:3 | Reached skill level 10 in Conjurations
 40707 | Shoals:4 | Entered Level 4 of the Shoals
 41855 | Shoals:4 | Identified the +7 great mace of Severance {heavy, rCorr}
 44811 | Shoals:4 | Got a barnacled rune of Zot
 44961 | Shoals:4 | Learned a level 8 spell: Maxwell's Capacitive Coupling
 45978 | Spider:1 | Reached skill level 14 in Air Magic
 46178 | Spider:1 | Noticed Jorgrun
 46183 | Spider:1 | Killed Jorgrun
 47859 | Spider:2 | Reached skill level 15 in Air Magic
 48070 | Spider:2 | Reached XP level 18. HP: 189/189 MP: 24/31
 50204 | Spider:3 | Reached skill level 16 in Air Magic
 51020 | Spider:2 | Upgraded the game from 0.31-a0-841-g038b102fc3 to
                  | 0.31-a0-844-gdc52ec4e09
 51364 | Spider:3 | Upgraded the game from 0.31-a0-844-gdc52ec4e09 to
                  | 0.31-a0-846-gb3bcc0d938
 51769 | Spider:4 | Entered Level 4 of the Spider Nest
 52434 | Spider:4 | Reached skill level 17 in Air Magic
 53071 | Spider:4 | Identified the +3 halberd of Contention {spect, Int+5
                  | Stlth-}
 54688 | Spider:4 | Reached skill level 18 in Air Magic
 55032 | Spider:4 | Got a gossamer rune of Zot
 55332 | Vaults:1 | Entered Level 1 of the Vaults
 55641 | Vaults:1 | Reached XP level 19. HP: 181/197 MP: 21/32
 56696 | Vaults:1 | Noticed Saint Roka
 56705 | Vaults:1 | Killed Saint Roka
 57685 | Vaults:2 | Reached skill level 19 in Air Magic
 59430 | Vaults:2 | Reached skill level 20 in Air Magic
 59435 | Vaults:2 | Learned a level 4 spell: Vhi's Electric Charge
 61320 | Vaults:3 | You fall into a shaft and drop 1 floor!
 61334 | Vaults:4 | Reached skill level 15 in Fighting
 61537 | Vaults:3 | Reached skill level 10 in Spellcasting
 61537 | Vaults:3 | Reached XP level 20. HP: 210/210 MP: 25/34
 62264 | Vaults:3 | Noticed Zenata
 62269 | Vaults:3 | Paralysed by a formless jellyfish for 1 turns
 62275 | Vaults:3 | HP: 9/211 [+2 dire flail of protection[Zenata] (29)]
 62275 | Vaults:3 | HP: 3/211 [+2 short sword of electrocution[Zenata] (6)]
 62275 | Vaults:3 | Slain by a +3 halberd of protection

Illustrated notes

Levels and vault maps discovered:
D:1:      mrwooster_arrival_arrow, layout_rooms
D:2:      layout_basic, shapermc_ecumenical_altar_mp_urbaneastern
D:3:      layout_basic, hangedman_decor_points, skrybe_limestone_x,
          grunt_decor_mini_mirrors
D:4:      layout_rooms
D:5:      layout_rooms, mainiacjoe_overflow_boulevard
D:6:      layout_rooms, mainiacjoe_overflow_24_doors,
          minmay_temple_entry_offerings, hangedman_abyss_or_decor_lesser_grid,
          minmay_circle_x
D:7:      layout_cave_pools, bloody_trog, serial_shops, shop, uniq_menkaure
D:8:      layout_rooms, gammafunk_temple_overflow_statue, kennysheep_little_box,
          nicolae_shop_overcharged_wands, uniq_maggie, uniq_gastronok,
          uniq_amaemon
D:9:      layout_roguey, zin_statuary, enter_bailey_2, grunt_ministairs_4
D:10:     layout_gridville, erik_lair_island, gammafunk_ghost_wrathful_warriors
D:11:     layout_long_grid, orc_0_dummy, lightli_minifort
D:12:     layout_cave_pools, serial_shops, nicolae_shop_behind_doors,
          gauntlet_entry_generic
D:13:     layout_gridville
D:14:     layout_big_octagon, david_vaults_4, serial_shops, shop,
          chequers_serial_rivers_small_3, minmay_orc_keep
D:15:     hangedman_depths_entry_try_elsewhere_first, layout_long_grid,
          muffindrake_ghost_dual_entry, enter_trove_5,
          nicolae_gozag_zags_fifth_avenue
Temple:   regret_index_temple_generic_petals
Lair:1:   wad_woods_minihive, layout_regular_city, hangedman_lair_unloving_vines
Lair:2:   layout_regular_city, nicolae_shoals_entry_flooding, lemuel_fruit_tree,
          serial_bayou_shore_a
Lair:3:   layout_loops_ring, nicolae_spider_entry_lesser_pyramids,
          bobbens_dragon_lair_wall, serial_bayou_shore_b,
          infiniplex_staircase_pool_2
Lair:4:   layout_gridlike, slime_entry_1, minivault_11, uniq_urug
Lair:5:   cheibrodos_lair_end_hotspot, layout_regular_city, uniq_rupert
Shoals:1: layout_shoals
Shoals:2: layout_shoals, uniq_roxanne
Shoals:3: layout_shoals
Shoals:4: shoals_end_grunt_garden, layout_shoals
Spider:1: layout_spider_delve, uniq_jorgrun
Spider:2: layout_spider_delve, nicolae_spider_spiderdrome
Spider:3: layout_spider_delve
Spider:4: spider_rune_water, nicolae_spider_rock_and_or_roll
Orc:1:    layout_caves, okawaru_metal_pillars_1_2
Orc:2:    grunt_orc_community_town_hall, layout_caves,
          grunt_orc_community_big_house_2, grunt_orc_community_big_house_1,
          grunt_orc_community_house_3, grunt_orc_community_house_1,
          grunt_orc_community_house_2, grunt_orc_community_house_3,
          grunt_orc_community_house_1
Vaults:1: nicolae_vaults_theta, v_misc_3, ontoclasm_vaults_shuriken,
          nicolae_vaults_ring_of_whatevers, nicolae_vaults_asterisk, v_misc_23,
          nicolae_vaults_storage_room_statues, vaults_dpeg_cross,
          layout_vaults_chaotic_city, uniq_saint_roka
Vaults:2: portal_desolation_entry_garden, v_alt_pattern_6,
          nicolae_vaults_tetromino_T_2, nicolae_vaults_theta,
          nicolae_vaults_spaceships, nicolae_vaults_closet_pinwheel_1,
          nicolae_vaults_network_quinsquares
          [nicolae_vaults_network_quincunx_subvault,
          nicolae_vaults_network_quincunx_subvault,
          nicolae_vaults_network_quincunx_subvault,
          nicolae_vaults_network_quincunx_subvault], v_pattern_2,
          nicolae_vaults_frosty_reception, nicolae_vaults_little_ls,
          nicolae_vaults_double_plus_1, nicolae_vaults_theta, vaults_dpeg_doors,
          vaults_room_large_hall, layout_vaults_maze_snakey
Vaults:3: nicolae_vaults_mitosis, grunt_vaults_diagonal,
          grunt_vaults_hallway_short, nicolae_vaults_quartermaster,
          ontoclasm_vaults_idyll, hangedman_vaults_snaps, v_misc_12,
          minmay_crypt_entry_skeletal_spiral, nicolae_vaults_storage_closets_1,
          nicolae_vaults_weapon_check, v_pattern_5,
          nicolae_vaults_tetromino_L_1, vaults_room_stairs_pillars,
          layout_vaults_ring, serial_shops, shop, uniq_zenata
Vaults:4: vaults_room_grunt_arrival_checkpoint, nicolae_vaults_network_barrier,
          nicolae_vaults_closet_pinwheel_6, nicolae_vaults_wine_cellar,
          nicolae_vaults_network_s, dpeg_vaults_pockets_of_resistance,
          nicolae_vaults_double_plus_3, nicolae_vaults_offset_grid_hallway_4,
          ontoclasm_vaults_eye, nicolae_vaults_prndl, nicolae_vaults_house_2,
          nicolae_vaults_diamond_1, layout_vaults_omnicross

Skill      XL: |  1  2  3  4  5  6  7  8  9 10 11 12 13 14 15 16 17 18 19 |
---------------+----------------------------------------------------------+-----
Conjurations   | 1 2 3 4 5 6 8 9 10 | 10.9
Air Magic      | 3 4 6 7 8 10 12 13 15 18 20 | 20.0
Spellcasting   | 3 4 6 9 10 | 10.4
Fighting       | 1 6 7 9 11 12 14 15 | 15.4
Shields        | 7 8 12 | 12.0
Poison Magic   | 5 |  5.2
Armour         | 4 5 |  5.0
Invocations    | 10 12 | 12.0
Ice Magic      | 3 |  3.0
Staves         | 3 10 12 | 12.0
Evocations     | 3 5 |  5.0
Dodging        | |  1.7
Stealth        | |  1.4

Action                     |  1- 3 |  4- 6 |  7- 9 | 10-12 | 13-15 | 16-18 | 19-21 || total
---------------------------+-------+-------+-------+-------+-------+-------+-------++-------
  Melee: Unarmed           |     6 |       |       |       |       |       |       ||     6
         Rapier            |    10 |       |       |       |       |       |       ||    10
         Spear             |     7 |    48 |    34 |   153 |    33 |       |       ||   275
         Staff             |       |       |       |       |   277 |   250 |    57 ||   584
   Cast: Shock             |    71 |   127 |   119 |   215 |    27 |    14 |     7 ||   580
         Static Discharge  |       |     1 |    13 |    24 |    27 |       |       ||    65
         Airstrike         |       |       |    21 |    84 |   184 |    71 |       ||   360
         Olgreb's Toxic Ra |       |       |       |    50 |    96 |    31 |     1 ||   178
         Ignite Poison     |       |       |       |       |    52 |    25 |     2 ||    79
         Freezing Cloud    |       |       |       |       |    32 |    37 |     4 ||    73
         Mephitic Cloud    |       |       |       |       |     1 |       |       ||     1
         Conjure Ball Ligh |       |       |       |       |     1 |   258 |    88 ||   347
         Maxwell's Capacit |       |       |       |       |       |       |    15 ||    15
         Vhi's Electric Ch |       |       |       |       |       |       |     1 ||     1
  Evoke: Wand              |       |       |    14 |    23 |     5 |     6 |       ||    48
    Use: Scroll            |     3 |     7 |     6 |     7 |    21 |     6 |     3 ||    53
         Potion            |       |       |       |     1 |     4 |     4 |     1 ||    10
 Armour: Robe              |    35 |    34 |    79 |    34 |       |       |       ||   182
         Acid dragon scale |       |       |       |   179 |   367 |   771 |   252 ||  1569
  Dodge: Dodged            |    16 |    30 |    45 |    72 |   167 |   206 |    49 ||   585
  Block: Other             |       |       |    12 |       |       |       |       ||    12
         Kite shield       |       |       |     3 |   267 |   467 |   114 |       ||   851
         Reflection        |       |       |     1 |    19 |     6 |       |       ||    26
         Tower shield      |       |       |       |       |       |   400 |   127 ||   527

Table legend: (Time is in decaauts)
 A = Elapsed time spent in this place.
 B = Non-inter-level travel time spent in this place.
 C = Inter-level travel time spent in this place.
 D = Time resting spent in this place.
 E = Time spent auto-exploring this place.
 F = Levels seen in this place.
 G = Mean time per level.
                   A        B        C        D        E       F      G
               +--------+--------+--------+--------+--------+-----+--------+
         Total |  79465 |  74981 |   4484 |  17947 |  48963 |  35 | 2270.4 |
       Dungeon |  25249 |  23881 |   1368 |   2619 |  18944 |  15 | 1683.3 |
        Temple |    157 |     62 |     95 |      0 |     59 |   1 |  157.0 |
          Lair |  15058 |  14219 |    839 |   2055 |  10571 |   5 | 3011.6 |
        Shoals |  13458 |  12707 |    751 |   5026 |   6490 |   4 | 3364.5 |
   Spider Nest |  11941 |  11272 |    669 |   5589 |   4445 |   4 | 2985.2 |
  Orcish Mines |   4523 |   4223 |    300 |    903 |   2650 |   2 | 2261.5 |
        Vaults |   9076 |   8617 |    459 |   1755 |   5804 |   4 | 2269.0 |
               +--------+--------+--------+--------+--------+-----+--------+

Top non-repeatable levels by time:
Shoals:3: 5664 daAuts
Shoals:2: 4226 daAuts
  Lair:3: 4064 daAuts
Vaults:1: 3903 daAuts
Vaults:2: 3607 daAuts
  Lair:5: 3485 daAuts
Spider:2: 3412 daAuts
Spider:1: 3230 daAuts
    D:15: 2982 daAuts
   Orc:2: 2961 daAuts
  Lair:2: 2735 daAuts
Spider:3: 2658 daAuts
Spider:4: 2639 daAuts
    D:11: 2534 daAuts
  Lair:1: 2449 daAuts
